[Event "*** Titled Tuesday Blitz"]
[Site "Chess.com"]
[Date "2020.12.01"]
[Round "8"]
[White "FMOlexandrProhorov"]
[Black "ErikRonka"]
[Result "0-1"]
[WhiteElo "2208"]
[BlackElo "2383"]
[TimeControl "180+1"]
[EndTime "11:26:10 PST"]
[Termination "ErikRonka won on time"]

1. Nf3 Nc6 2. c4 e5 3. Nc3 g6 4.
g3 Bg7 5. Bg2 d6 6. O-O f5 7. d3 h6 8. Rb1 Nf6 9. b4 O-O 10. b5 Ne7 11. Ne1 f4 12. gxf4 exf4 13. Bxf4 Nh5 14. Bd2 Nf4 15. Bxf4 Rxf4 16. Nd5 Nxd5 17.
Bxd5+ Kh7 18. Ng2 Rg4 19. Bf3 Rg5 20. Kh1 Be5 21. d4 Bg7 22. Qd2 Bg4 23. Bxb7 Bh3 24.
Rg1 Rb8 25. Bc6 Qf6 26. e3 Rh5 27. f4 Bf5 28. Rbf1 Rh3 29. Rf3 Rxf3 30. Bxf3 Re8 31. Re1 g5 32. fxg5 hxg5 33. e4 Bxe4 34. Bxe4+ Rxe4 35. Rg1 Rxd4 36. Qe2 Qf5 37. Qh5+ Bh6 0-1

[Event "*** Titled Tuesday Blitz"]
[Site "Chess.com"]
[Date "2020.12.01"]
[Round "8"]
[White "marciojor"]
[Black "Alindsay211"]
[Result "0-1"]
[WhiteElo "2256"]
[BlackElo "2402"]
[TimeControl "180+1"]
[EndTime "11:26:10 PST"]
[Termination "Alindsay211 won by resignation"]

1. e4 c5 2. Nf3 d6 3. d4 cxd4 4. Nxd4 Nf6 5. Nc3 Nc6 6. Be2 e6 7. O-O Be7 8. Be3 Bd7 9. f4 e5 10. fxe5 dxe5 11. Nb3 O-O 12. Nc5 Bxc5 13. Bxc5 Re8 14.
Qe1 Nd4 15. Bd3 Bc6 16. Qg3 b6 17. Ba3 Nh5 18. Qg4 Nf4 19. Rf2 h5 20. Qg3 h4 21.
Qe3 Re6 22. Raf1 Rg6 23. Kh1 Qg5 24. Nd5 Nxd5 25. Qxg5 Rxg5 26. exd5 Bxd5 27. c3 Ne6 28. h3 Nf4 0-1

[Event "*** Titled Tuesday Blitz"]
[Site "Chess.com"]
[Date "2020.12.01"]
[Round "8"]
[White "Tssunami"]
[Black "redbaron8888"]
[Result "0-1"]
[WhiteElo "2433"]
[BlackElo "2568"]
[TimeControl "180+1"]
[EndTime "11:26:12 PST"]
[Termination "redbaron8888 won on time"]

1. Nf3 Nf6 2. d4 e6 3. Bf4 d5 4. e3 c5 5. c3 Nc6 6. Nbd2 Be7 7. Bd3 O-O 8. O-O b6 9. Qe2 Bb7 10. Rac1 Nd7 11. e4 dxe4 12. Nxe4 cxd4 13. cxd4 Nb4 14.
Bb1 Ba6 15. Qd2 Bxf1 16. Kxf1 Nd5 17. Neg5 h6 18. Nh7 Re8 19. Bxh6 gxh6 20. Qxh6 Bf8 21. Nxf8 Nxf8 22. Ng5 Qf6 23. Bh7+ Nxh7 24. Qxh7+ Kf8 25. h4 Qg6 26. Qh8+ Ke7 27. Qe5 Rac8 28. Re1 Qf6 29.
Qxd5 Rc2 30. f3 Rd8 31. Qb3 Qf5 32. Qb4+ Ke8 33. Ne4 Rc6 34. Qa4 b5 35. Qxa7 Kf8 36.
b3 Rc2 37. Qb6 Qd5 38. a4 bxa4 39. bxa4 Ra8 0-1

[Event "*** Titled Tuesday Blitz"]
[Site "Chess.com"]
[Date "2020.12.01"]
[Round "8"]
[White "GregShahade"]
[Black "The_Machine04"]
[Result "1-0"]
[WhiteElo "2709"]
[BlackElo "2436"]
[TimeControl "180+1"]
[EndTime "11:26:16 PST"]
[Termination "GregShahade won by checkmate"]

1. e4 d6 2. d4 Nf6 3. Nc3 e5 4. Nge2 c6 5. g3 b5 6. Bg2 Nbd7 7. O-O Bb7 8. a3 a5 9. h3 Be7 10. Re1 O-O 11. g4 Re8 12. Ng3 b4 13. Nce2 Bf8 14.
g5 Nxe4 15. Bxe4 d5 16. Bg2 e4 17. axb4 axb4 18. Rxa8 Qxa8 19. Bf4 Be7 20. Nf5 Nf8 21. Neg3 Ng6 22. Be3 Bf8 23. h4 Bc8 24. h5 Ne7 25. Nd6 Rd8 26. Nxc8 Qxc8 27. Kh2 Qc7 28. Qg4 Kh8 29.
Ra1 Ng8 30. Qf4 Bd6 31. Qg4 f5 32. Qxf5 Rf8 33. Qg4 h6 34. Kg1 hxg5 35. Bxg5 Bf4 36. Bxf4 Rxf4 37. Ra7 Qd6 38. Qxg7# 1-0

[Event "*** Titled Tuesday Blitz"]
[Site "Chess.com"]
[Date "2020.12.01"]
[Round "8"]
[White "azikom"]
[Black "Alexsur1981"]
[Result "1-0"]
[WhiteElo "2649"]
[BlackElo "2814"]
[TimeControl "180+1"]
[EndTime "11:26:17 PST"]
[Termination "azikom won by resignation"]

1. d4 d6 2. Nf3 g6 3. e4 Bg7 4. c3 Nf6 5. Bd3 O-O 6. O-O Nc6 7.
Na3 e5 8. dxe5 dxe5 9. Bg5 h6 10. Bh4 Qe7 11. Nc4 g5 12. Bg3 Bg4 13. Ne3 Rad8 14. Nxg4 Nxg4 15. Qe2 h5 16. h3 Nh6 17. Bb5 h4 18. Bh2 g4 19. hxg4 Nxg4 20. Rfd1 Bh6 21.
Bxc6 bxc6 22. Nd4 exd4 23. Qxg4+ Bg7 24. cxd4 Qb4 25. Be5 f6 26. Bxc7 Rxd4 27. Rxd4 Qxd4 28. Rd1 f5 29. Rxd4 fxg4 30. e5 g3 31. fxg3 hxg3 32.
Rg4 Rc8 33. Bd6 Kf7 34. Rxg3 Bh6 35. b3 c5 36. Rf3+ Ke8 37. Rf6 Bg5 38. Rf8+ Kd7 39. e6+ 1-0

[Event "*** Titled Tuesday Blitz"]
[Site "Chess.com"]
[Date "2020.12.01"]
[Round "8"]
[White "dretch"]
[Black "Shota_Azaladze"]
[Result "0-1"]
[WhiteElo "2812"]
[BlackElo "2659"]
[TimeControl "180+1"]
[EndTime "11:26:17 PST"]
[Termination "Shota_Azaladze won on time"]

1. d4 g6 2. c4 Bg7 3. Nf3 c5 4. d5 Nf6 5. Nc3 O-O 6. e4 e6 7. Bd3 exd5 8. cxd5 d6 9. h3 Re8 10. O-O a6 11. a4 c4 12. Bc2 Nbd7 13. Re1 Rb8 14. Bf4 Qc7 15. Rc1 b5 16. axb5 axb5 17. Nd4 Ba6 18. Nc6 Ra8 19. Ra1 Ne5 20. Nb4 Bb7 21. Nxb5 Qc5 22. Rxa8 Bxa8 23. Nxd6 Qxd6 24. Ba4 Rd8 25. Nc6 Bxc6 26. Bxc6 Nfd7 27. Ba4 Nc5 28.
Bc2 Qb6 29. Re2 Qxb2 30. Be3 Qb4 31. Kh2 Ned3 32. f3 Be5+ 33. Kh1 Ra8 34. Qg1 Ra1 35. Bd1 Qb1 36. Rd2 c3 0-1

[Event "*** Titled Tuesday Blitz"]
[Site "Chess.com"]
[Date "2020.12.01"]
[Round "8"]
[White "CalinGheorghiu"]
[Black "maximnovik"]
[Result "1-0"]
[WhiteElo "2410"]
[BlackElo "2541"]
[TimeControl "180+1"]
[EndTime "11:26:17 PST"]
[Termination "CalinGheorghiu won by resignation"]

1. e4 c6 2. Nc3 d5 3. Nf3 Bg4 4.
h3 Bxf3 5. Qxf3 e6 6. g3 Nf6 7.
Bg2 d4 8. Ne2 e5 9. O-O c5 10. d3 Nc6 11. g4 g6 12. g5 Nd7 13. h4 h6 14. Qg3 hxg5 15. hxg5 Bd6 16. f4 exf4 17. Bxf4 Bxf4 18. Nxf4 Nce5 19. Nd5 Rh5 20.
Nf6+ Ke7 21. Nxh5 gxh5 22. Bh3 Qh8 23. Bxd7 Nxd7 24. Rf5 Rg8 25. Raf1 Rg7 26. e5 h4 27. Qf3 Qh7 28. Qd5 Qh5 29. Qd6+ Ke8 30. e6 Rxg5+ 31. Kh2 Qe2+ 32. R1f2 Qxe6 33. Qxe6+ fxe6 34. Rxg5 1-0

[Event "*** Titled Tuesday Blitz"]
[Site "Chess.com"]
[Date "2020.12.01"]
[Round "8"]
[White "Grammnik"]
[Black "Rytenko_V"]
[Result "0-1"]
[WhiteElo "2357"]
[BlackElo "2535"]
[TimeControl "180+1"]
[EndTime "11:26:17 PST"]
[Termination "Rytenko_V won by resignation"]

1. d4 d5 2. Nf3 c6 3. c4 Nf6 4.
Nc3 e6 5. cxd5 exd5 6. Bg5 Bf5 7. e3 Nbd7 8. Bd3 Bxd3 9. Qxd3 Be7 10. O-O O-O 11.
Rfe1 h6 12. Bh4 Ne4 13. Nxe4 Bxh4 14. Nd6 Be7 15. Nxb7 Qb6 16. Nc5 Bxc5 17. dxc5 Nxc5 18. Qc2 Ne4 19. Rad1 Rfd8 20. Nd2 Nf6 21. Nb3 Ne4 22. Nd2 Nf6 23. Nb3 a5 24. Nc5 Qb4 25.
h3 a4 26. a3 Qh4 27. Rd4 Qg5 28. Rxa4 Rab8 29. Rd4 Qe5 30. Red1 Rb5 31. b4 Ra8 32. a4 Rbb8 33. a5 Qc7 34. e4 dxe4 35. Nxe4 Nxe4 36.
Rxe4 c5 37. Rc4 Qb7 38. bxc5 Rxa5 39. c6 Qc7 40. Qd2 Re8 41. Qd7 Re7 42. Qxc7 Rxc7 43. Rd7 Raa7 44. Rxc7 Rxc7 45. g4 Kf8 46. Kg2 Ke7 47.
Kf3 Kd6 48. Rd4+ Kxc6 49. Rc4+ Kd6 50. Rxc7 Kxc7 51. Ke4 Kd6 52. f4 Ke6 53. h4 f5+ 54.
gxf5+ Ke7 55. Kd4 Kf6 56. Ke4 h5 57. Kf3 Kxf5 58. Kg3 Ke4 0-1

[Event "*** Titled Tuesday Blitz"]
[Site "Chess.com"]
[Date "2020.12.01"]
[Round "8"]
[White "Gudmundur_Kjartansson"]
[Black "AryanTari"]
[Result "0-1"]
[WhiteElo "2557"]
[BlackElo "2898"]
[TimeControl "180+1"]
[EndTime "11:26:18 PST"]
[Termination "AryanTari won by resignation"]

1. d4 Nf6 2. c4 b6 3. Nc3 Bb7 4. d5 e6 5. a3 g6 6. g3 Bg7 7. Bg2 O-O 8. Nf3 Na6 9. O-O Nc5 10. Nd4 e5 11. Nb3 d6 12. Nxc5 bxc5 13. b4 Nd7 14. Rb1 Ba6 15. b5 Bc8 16. e4 f5 17. Qc2 h6 18. f3 Nf6 19. Bd2 f4 20. gxf4 Nh5 21. fxe5 Bxe5 22. Ne2 Qh4 23. f4 Nxf4 24.
Nxf4 Bxf4 25. Bxf4 Rxf4 26. e5 Bf5 27. Qd2 Rd4 28.
Qe3 Re8 29. e6 Bxb1 30. Rxb1 Qf4 31. Qh3 Qh4 32. Qf3 Rf8 33. Qe2 Qg5 34. Re1 Rd2 35. Qe4 Rff2 36. Kh1 Rxg2 0-1

[Event "*** Titled Tuesday Blitz"]
[Site "Chess.com"]
[Date "2020.12.01"]
[Round "8"]
[White "03revilo"]
[Black "Hypercar"]
[Result "0-1"]
[WhiteElo "2327"]
[BlackElo "2467"]
[TimeControl "180+1"]
[EndTime "11:26:18 PST"]
[Termination "Hypercar won by resignation"]

1. e4 c5 2. Nf3 e6 3. d4 cxd4 4. Nxd4 Nf6 5. Nc3 Nc6 6. Ndb5 d6 7. Bf4 e5 8. Bg5 a6 9. Na3 Be7 10. Nc4 Nd4 11. Ne3 Nxe4 12. Bxe7 Nxc3 13. Bxd8 Nxd1 14. Rxd1 Kxd8 15. c3 Nc6 16. Rxd6+ Ke7 17. Rd2 Be6 18. Bc4 f5 19. O-O Rhd8 20. Rfd1 Rxd2 21. Rxd2 Rd8 22. Rxd8 Nxd8 23. Bxe6 Kxe6 24. Kf1 f4 25.
Nc4 e4 26. Na5 b6 27. Nb3 Nc6 28. Ke2 Kd5 29. Nd2 g5 30. g3 b5 31. h4 h6 32.
hxg5 hxg5 33. gxf4 gxf4 34. b3 b4 35. c4+ Kd4 36. f3 e3 37. Ne4 Ke5 38. Nc5 Nd4+ 39. Kd3 Nxf3 40. Nxa6 Nd4 41. Nxb4 e2 42. Kd2 f3 43.
Nd3+ Ke4 44. Nf2+ Kf4 45. c5 Kg3 46. Ne4+ Kg2 47. c6 f2 48. Nxf2 Kxf2 49. c7 e1=Q+ 50. Kd3 Qc1 51. Kxd4 Qxc7 52. b4 Kf3 53. a4 Qa7+ 54. Kc4 Qxa4 0-1

[Event "*** Titled Tuesday Blitz"]
[Site "Chess.com"]
[Date "2020.12.01"]
[Round "8"]
[White "Quiet_Desperation"]
[Black "DonPreuss"]
[Result "1-0"]
[WhiteElo "1690"]
[BlackElo "2209"]
[TimeControl "180+1"]
[EndTime "11:26:18 PST"]
[Termination "Quiet_Desperation won by resignation"]

1. e4 e5 2. Nf3 d5 3. Nc3 dxe4 4. Nxe4 f5 5. Ng3 e4 6. Ne5 Qd4 7.
Qh5+ g6 8. Nxg6 hxg6 9. Qxg6+ Ke7 10. Qxf5 Nc6 11. Qxe4+ Qxe4+ 12. Nxe4 Nd4 13. Bd3 Nf6 14. Nxf6 Kxf6 15. c3 Bf5 16. Bxf5 Nxf5 17. O-O Bd6 18. g3 Rae8 19. d4 Re2 20. Rb1 c5 21. dxc5 Bxc5 22.
Bf4 Rg8 23. b4 Bb6 24. a4 a6 25. a5 Ba7 26. b5 Bc5 27. bxa6 bxa6 28. Rb7 Nh4 29.
Rc7 Nf3+ 30. Kg2 Nh4+ 31. Kh3 Bxf2 32. gxh4 Ke6 33. Bg5 Rd2 34. Re7+ Kd6 35. Bxd2 Kxe7 36. Rxf2 1-0

[Event "*** Titled Tuesday Blitz"]
[Site "Chess.com"]
[Date "2020.12.01"]
[Round "8"]
[White "Gloomy_Wanderer"]
[Black "Chessdreamer2020"]
[Result "1-0"]
[WhiteElo "2707"]
[BlackElo "2530"]
[TimeControl "180+1"]
[EndTime "11:26:19 PST"]
[Termination "Gloomy_Wanderer won on time"]

1. Nf3 c5 2. c4 Nc6 3. b3 e5 4.
Bb2 e4 5. Ng1 Nf6 6. Nc3 d6 7.
Qb1 Bf5 8. e3 h5 9. Nge2 h4 10.
Nf4 Qd7 11. d3 exd3 12. Bxd3 Bxd3 13. Qxd3 O-O-O 14. O-O-O Ne5 15. Qc2 Rh6 16. h3 Kb8 17.
Rd2 Qc6 18. Rhd1 Rd7 19. Ncd5 Nxd5 20. Rxd5 Ng6 21. Nxg6 Rxg6 22. f3 Be7 23. R1d2 Bg5 24. f4 Bf6 25. Ba3 b6 26. Qf5 Rg3 27. e4 Rc3+ 28. Kb1 Re3 29. e5 Be7 30. Qxf7 Re1+ 31. Kc2 Kc7 32. e6 1-0

[Event "*** Titled Tuesday Blitz"]
[Site "Chess.com"]
[Date "2020.12.01"]
[Round "8"]
[White "Colombiano07"]
[Black "ApacheSVD"]
[Result "0-1"]
[WhiteElo "2298"]
[BlackElo "2425"]
[TimeControl "180+1"]
[EndTime "11:26:19 PST"]
[Termination "ApacheSVD won by checkmate"]

1. d4 Nf6 2. Nf3 c5 3. e3 d6 4. Bd3 b6 5. O-O Bb7 6. Nbd2 e6 7. b3 Be7 8. Bb2 O-O 9. c4 Nbd7 10. Rc1 a6 11.
Rc2 Rc8 12. Qa1 cxd4 13. exd4 d5 14. Re1 Bd6 15. Ne5 Rc7 16. Nf1 Qa8 17. Ne3 Rfc8 18.
Bf1 dxc4 19. N3xc4 Bf8 20. Rce2 b5 21. Nxd7 Nxd7 22.
Ne5 Nf6 23. Re3 Rc2 24. a4 b4 25. Rg3 Bd5 26. Bc4 Bd6 27. Qb1 Be4 28. Qa1 Bxe5 29.
dxe5 Nd5 30. Rxe4 Nc3 31. Reg4 g6 32. Bxc3 bxc3 33. Rxc3 Rd2 34. Qc1 Rcd8 35. Bf1 Qd5 36. Rc8 Rd1 37. Rxd8+ Qxd8 38. Qg5 Rxf1+ 39. Kxf1 Qd1# 0-1

[Event "*** Titled Tuesday Blitz"]
[Site "Chess.com"]
[Date "2020.12.01"]
[Round "8"]
[White "Zhigalko_Sergei"]
[Black "MPGM"]
[Result "1-0"]
[WhiteElo "2871"]
[BlackElo "2657"]
[TimeControl "180+1"]
[EndTime "11:26:20 PST"]
[Termination "Zhigalko_Sergei won by checkmate"]

1. e4 c6 2. d4 d5 3. e5 c5 4. Nf3 cxd4 5. Qxd4 Nc6 6. Qf4 Nh6 7. Bd3 Bg4 8. Nbd2 e6 9. O-O Be7 10. Qg3 Qc7 11. h3 Bxf3 12. Nxf3 O-O-O 13. Qxg7 Nf5 14. Qxf7 Qd7 15. Bxf5 exf5 16. e6 Qc7 17. Bh6 Kb8 18. Rad1 Ka8 19. Rfe1 Rhg8 20. Qxf5 Rg6 21. Bf4 Qb6 22. Be3 Qxb2 23. Rxd5 Rxd5 24. Qxd5 a6 25. Nd4 Nxd4 26. Qxd4 Qxc2 27. Qa7# 1-0

[Event "*** Titled Tuesday Blitz"]
[Site "Chess.com"]
[Date "2020.12.01"]
[Round "8"]
[White "annacramling"]
[Black "Praslov"]
[Result "0-1"]
[WhiteElo "2107"]
[BlackElo "2406"]
[TimeControl "180+1"]
[EndTime "11:26:20 PST"]
[Termination "Praslov won on time"]

1. d4 d5 2. c4 dxc4 3. Nf3 Nf6 4. e3 e6 5. Bxc4 a6 6. Nc3 b5 7. Bd3 Bb7 8. O-O Nbd7 9. Qe2 c5 10. e4 cxd4 11.
Nxd4 Nc5 12. Rd1 b4 13. e5 bxc3 14. exf6 Nxd3 15. Rxd3 Qxf6 16. bxc3 Be7 17. Rg3 h6 18. Bb2 Bd6 19. Re3 Bf4 20. Nxe6 Bxe3 21. Nc7+ Kd7 22. Nxa8 Bc5 23. Rd1+ Kc8 24. c4 Qc6 25. Qg4+ Kb8 26.
Qxg7 Re8 27. Nb6 Bxb6 0-1

[Event "*** Titled Tuesday Blitz"]
[Site "Chess.com"]
[Date "2020.12.01"]
[Round "8"]
[White "Reader777"]
[Black "Shield12"]
[Result "1/2-1/2"]
[WhiteElo "2691"]
[BlackElo "2913"]
[TimeControl "180+1"]
[EndTime "11:26:22 PST"]
[Termination "Game drawn - insufficient material"]

1. d4 Nf6 2. c4 e6 3. g3 c5 4. Nf3 cxd4 5. Nxd4 Qc7 6. Bg2 Qxc4 7. Nc3 a6 8. O-O Nc6 9. Nb3 d5 10. Bf4 Be7 11. Rc1 Qb4 12. a3 Qb6 13. e4 dxe4 14. Nxe4 Nxe4 15. Bxe4 O-O 16. Be3 Qc7 17. Nc5 Rd8 18. Qb3 Qe5 19. Bf4 Qh5 20. Bf3 Qg6 21.
Be4 Nd4 22. Bxg6 Nxb3 23. Bxf7+ Kxf7 24. Nxb3 Bd7 25. Na5 b6 26. Nc6 Bxc6 27. Rxc6 b5 28. Re1 Bf6 29. Be5 Rdc8 30. Rb6 Re8 31. Bxf6 gxf6 32.
Rc1 Rac8 33. Rxc8 Rxc8 34. Rxa6 Rc2 35. b4 Ra2 36. g4 e5 37. Kg2 Kg6 38. Kg3 Rb2 39.
h4 Rb3+ 40. Kg2 h6 41. Ra5 h5 42. gxh5+ Kxh5 43. Rxb5 Rxa3 44. Rb6 f5 45. Rb5 Rb3 46.
Rxe5 Rxb4 47. Rxf5+ Kxh4 48. Kf3 Rb3+ 49. Ke4 Rb4+ 50.
Ke5 Rb5+ 51. Kf6 Rb6+ 52. Kg7 Rb7+ 53. Rf7 Rxf7+ 54. Kxf7 Kg4 55. f4 Kxf4 1/2-1/2

[Event "*** Titled Tuesday Blitz"]
[Site "Chess.com"]
[Date "2020.12.01"]
[Round "8"]
[White "AlexSuv"]
[Black "Bodnar_Mykola"]
[Result "1-0"]
[WhiteElo "2566"]
[BlackElo "2395"]
[TimeControl "180+1"]
[EndTime "11:26:23 PST"]
[Termination "AlexSuv won by checkmate"]

1. d4 Nf6 2. c4 g6 3. Nc3 Bg7 4.
e4 d6 5. Nf3 O-O 6. Be2 e5 7. Be3 Nc6 8. d5 Ne7 9. Nd2 Nd7 10. b4 f5 11. f3 c6 12. O-O f4 13.
Bf2 g5 14. c5 dxc5 15. bxc5 Nf6 16. d6 Ng6 17. Nc4 h5 18. h3 Qd7 19. Rb1 Rf7 20. Na5 g4 21. hxg4 hxg4 22. fxg4 Qd8 23.
g5 Qxa5 24. gxf6 Rxf6 25. Bc4+ Kf8 26. Rb3 f3 27. Be1 Qxc5+ 28. Bf2 Qxc4 29. d7 fxg2 30. d8=Q+ Kf7 31. Rxb7+ Bd7 32. Q1xd7+ Ne7 33. Q7xe7+ Kg6 34. Qxg7+ Kh5 35. Qh7+ Rh6 36. Qxh6+ Kxh6 37. Qf6+ Kh5 38. Rh7+ Kg4 39. Rh4# 1-0

[Event "*** Titled Tuesday Blitz"]
[Site "Chess.com"]
[Date "2020.12.01"]
[Round "8"]
[White "Savagelittlemole"]
[Black "Fortitudine"]
[Result "1/2-1/2"]
[WhiteElo "2524"]
[BlackElo "2357"]
[TimeControl "180+1"]
[EndTime "11:26:23 PST"]
[Termination "Game drawn by agreement"]

1. e4 c5 2. Nf3 d6 3. d4 cxd4 4.
Nxd4 Nf6 5. Nc3 Nc6 6. Bg5 Bd7 7. Qd2 Rc8 8. Nxc6 Bxc6 9. Bd3 e6 10. O-O Be7 11. Rad1 O-O 12. Qe2 Nd7 13. Bxe7 Qxe7 14. f4 Rfd8 15. Kh1 Nc5 16. f5 Kh8 17. Qh5 Nxd3 18. Rxd3 exf5 19. Rh3 h6 20. exf5 Qf6 21. Re3 Re8 22. Rfe1 Rxe3 23. Rxe3 d5 24. Re1 d4 25. Nd1 Re8 26. Rxe8+ Bxe8 27. h3 Bc6 28. Nf2 Qe7 29. Nd3 Qe4 30. Qg4 Qxg4 31. hxg4 Be4 32. Kg1 g6 33. fxg6 fxg6 34. Kf2 Kg7 35. Kg3 Kf6 36. Nb4 a5 37. Nd3 Bxd3 38. cxd3 Ke5 39. Kf3 g5 40. Kg3 b5 1/2-1/2

[Event "*** Titled Tuesday Blitz"]
[Site "Chess.com"]
[Date "2020.12.01"]
[Round "8"]
[White "bazar-wokzal"]
[Black "lucachess49"]
[Result "1-0"]
[WhiteElo "2538"]
[BlackElo "2365"]
[TimeControl "180+1"]
[EndTime "11:26:24 PST"]
[Termination "bazar-wokzal won on time"]

1. e4 e5 2. Bc4 Nf6 3. d3 Nc6 4. Nf3 Be7 5. O-O O-O 6. Re1 d6 7.
a4 Na5 8. Ba2 c5 9. Nc3 Nc6 10.
Bg5 h6 11. Bxf6 Bxf6 12. Nd5 Be6 13. c3 g6 14. Nd2 Bg7 15. Nf1 Ne7 16. Nfe3 f5 17.
Qb3 Nxd5 18. Nxd5 b6 19. a5 Rb8 20. axb6 axb6 21. Qb5 f4 22. f3 Kh7 23. Bc4 Bd7 24. Qa6 g5 25. Bb5 Be6 26. Bc6 g4 27. fxg4 f3 28. gxf3 Rxf3 29. Ne3 Qh4 30. Re2 1-0

[Event "*** Titled Tuesday Blitz"]
[Site "Chess.com"]
[Date "2020.12.01"]
[Round "8"]
[White "Andrii_Prydun"]
[Black "parintele_chess"]
[Result "1-0"]
[WhiteElo "2347"]
[BlackElo "2192"]
[TimeControl "180+1"]
[EndTime "11:26:24 PST"]
[Termination "Andrii_Prydun won by resignation"]

1. d4 d5 2. c4 e6 3. Nf3 Nf6 4. g3 Be7 5. Bg2 O-O 6. O-O dxc4 7. Qc2 a6 8. a4 Bd7 9. Qxc4 Bc6 10. Bf4 Nbd7 11. Ne5 Bxg2 12. Kxg2 c5 13. dxc5 Nd5 14. c6 Nxf4+ 15. Qxf4 Nxe5 16. cxb7 Qd5+ 17. e4 Qxb7 18.
Qxe5 Bf6 19. Qf4 Qxb2 20. Nd2 Qxa1 21. Rxa1 Bxa1 22. Nc4 e5 23. Qf5 Rac8 24. Ne3 f6 25.
Qe6+ Kh8 26. Qxa6 Rfd8 27. Qb7 Rb8 28. Qf7 Rf8 29. Qe7 Rfe8 30. Qa3 Bd4 31. Nf5 Ba7 32. h4 g6 33. Nd6 Re6 34. Nb5 Bd4 35. Qb3 Re7 36.
h5 Kg7 37. Qa3 Rf7 38. Qc1 g5 39. Nd6 Rb2 40. Nf5+ Kg8 41. Nxd4 1-0

[Event "*** Titled Tuesday Blitz"]
[Site "Chess.com"]
[Date "2020.12.01"]
[Round "8"]
[White "Sanyura"]
[Black "PavelShkapenko"]
[Result "0-1"]
[WhiteElo "2524"]
[BlackElo "2693"]
[TimeControl "180+1"]
[EndTime "11:26:25 PST"]
[Termination "PavelShkapenko won on time"]

1. e4 e5 2. Nf3 Nc6 3. Bb5 Bc5 4. Nc3 d6 5. O-O Bd7 6. Bxc6 Bxc6 7. d4 exd4 8. Nxd4 Bd7 9. Re1 Ne7 10. Bg5 O-O 11. Nb3 Bb6 12. a4 f6 13. Bh4 a6 14. a5 Ba7 15. Bg3 Kh8 16. Kh1 Ng6 17. f4 f5 18.
Qh5 fxe4 19. Nxe4 Nxf4 20. Bxf4 Rxf4 21. Ng5 Qg8 22. Re7 Raf8 23. h4 Bg4 24. Nf7+ R8xf7 25. Rxf7 Qxf7 26. Qg5 h6 27. Qd8+ Kh7 28. Nd2 Qf6 29. Qxf6 Rxf6 30. Ne4 Re6 31. Nc3 Bf5 32. Rc1 Bf2 33.
Rf1 Re1 0-1

[Event "*** Titled Tuesday Blitz"]
[Site "Chess.com"]
[Date "2020.12.01"]
[Round "8"]
[White "vladgoncharov"]
[Black "Leonid_Starozhilov"]
[Result "0-1"]
[WhiteElo "2471"]
[BlackElo "2654"]
[TimeControl "180+1"]
[EndTime "11:26:25 PST"]
[Termination "Leonid_Starozhilov won by resignation"]

1. d4 Nf6 2. c4 g6 3. Nc3 Bg7 4.
e4 d6 5. Nf3 Bg4 6. Be2 O-O 7.
Be3 a6 8. Rc1 Nfd7 9. h3 Bxf3 10.
Bxf3 c5 11. d5 b5 12. h4 Ne5 13. Be2 bxc4 14. h5 Qb6 15. Rc2 Nbd7 16. f4 Nd3+ 17. Bxd3 cxd3 18. Qxd3 Rab8 19. Bc1 Qb4 20. Qf3 Nf6 21.
hxg6 fxg6 22. O-O h5 23. g3 Ng4 24. Kg2 Qc4 25. Rd1 Rbe8 26. b3 Qb4 27. Ne2 e6 28.
Rc4 Qb7 29. dxe6 Rxe6 30. e5 Qxf3+ 31. Kxf3 Nxe5+ 32. Kf2 Nxc4 33. bxc4 Rfe8 34. Ng1 Bd4+ 35. Kg2 Bxg1 36. Kxg1 Re1+ 0-1

[Event "*** Titled Tuesday Blitz"]
[Site "Chess.com"]
[Date "2020.12.01"]
[Round "8"]
[White "NeverW84M8"]
[Black "WeAintSurePal"]
[Result "1-0"]
[WhiteElo "2541"]
[BlackElo "2373"]
[TimeControl "180+1"]
[EndTime "11:26:27 PST"]
[Termination "NeverW84M8 won by resignation"]

1. d4 e6 2. c4 Bb4+ 3. Bd2 c5 4. d5 Bxd2+ 5. Qxd2 exd5 6. cxd5 d6 7.
Nc3 Nf6 8. Qe3+ Kf8 9. Nf3 g6 10. Qh6+ Kg8 11. h3 b5 12. Nxb5 Nxd5 13. Qd2 Nb4 14.
Nxd6 Qa5 15. Rc1 N8c6 16. a3 Ba6 17. axb4 Nxb4 18. e4 Rd8 19. e5 f6 20. Bxa6 Qxa6 21. Rd1 fxe5 22. Nxe5 Kg7 23. f4 Rhf8 24. Kf2 g5 25. f5 Rf6 26. Nec4 h6 27. Rhe1 Nc6 28. Kg1 Nd4 29. Re7+ Kg8 30. Qe3 Rdxd6 31. Re8+ Rf8 32. Rxf8+ Kxf8 33. Nxd6 Qxd6 34. Rf1 Kf7 35. f6 c4 36.
Qe4 Qc5 37. Qh7+ Ke8 38. f7+ Kd7 39. f8=Q+ Kc6 40. Qxc5+ 1-0

[Event "*** Titled Tuesday Blitz"]
[Site "Chess.com"]
[Date "2020.12.01"]
[Round "8"]
[White "Sebastian"]
[Black "Onischuk_V"]
[Result "1-0"]
[WhiteElo "2957"]
[BlackElo "2842"]
[TimeControl "180+1"]
[EndTime "11:26:29 PST"]
[Termination "Sebastian won by resignation"]

1. e4 d6 2. d4 Nf6 3. Nc3 g6 4. Be3 c6 5. Qd2 Qa5 6. Bd3 Bg7 7. Bh6 O-O 8. Bxg7 Kxg7 9. Nge2 Nbd7 10. h4 h5 11. Ng3 Qb6 12. Nce2 Qxb2 13. O-O Rh8 14. f4 Ng4 15. f5 Ndf6 16. fxg6 fxg6 17. Qg5 e5 18. Rxf6 Qxa1+ 19. Rf1 Qxf1+ 20. Nxf1 Be6 21. Qe7+ Bf7 22. Qxd6 Rad8 23. Qc7 exd4 24. e5 Rde8 25. Nxd4 Rxe5 26. Nf3 Re6 27. Bc4 Rf6 28. Ng5 Nh6 29. Nd2 Re8 30. Nde4 Rf5 31. Qxb7 Ree5 32. Qxa7 Kg8 33.
Nxf7 Nxf7 34. Ng5 1-0

[Event "*** Titled Tuesday Blitz"]
[Site "Chess.com"]
[Date "2020.12.01"]
[Round "8"]
[White "dhaessel"]
[Black "Ariadna_Atreides"]
[Result "1-0"]
[WhiteElo "1875"]
[BlackElo "2053"]
[TimeControl "180+1"]
[EndTime "11:26:29 PST"]
[Termination "dhaessel won on time"]

1. d4 Nf6 2. c4 e6 3. Nc3 Bb4 4. e3 O-O 5. Bd3 c5 6. Ne2 Nc6 7. O-O d5 8. cxd5 exd5 9. a3 Bxc3 10. bxc3 c4 11. Bc2 Bg4 12. f3 Bh5 13. e4 dxe4 14. fxe4 Re8 15. Bg5 h6 16. Bxf6 gxf6 17. Qd2 Kg7 18.
Ng3 Bg6 19. Nf5+ Bxf5 20. Rxf5 Ne5 21. Raf1 Re6 22. Qe1 Ng6 23. e5 Qc7 24. Rxf6 Rxf6 25. Rxf6 Qe7 26. Qg3 Qxa3 27. Bxg6 Qc1+ 28. Rf1 Qg5 29.
Qxg5 hxg5 30. Bxf7 b5 31. e6 Kf8 32. d5 Ke7 33. Rf5 Rd8 34. Rxg5 a5 35. Rf5 b4 36. cxb4 axb4 37. Rf4 c3 38. Rxb4 Rxd5 39. Rc4 Rd1+ 40. Kf2 Rd2+ 41. Kg3 c2 42. Kh3 Kd6 43. g4 Re2 44. g5 Re3+ 45. Kg2 Re2+ 46. Kg3 1-0

[Event "*** Titled Tuesday Blitz"]
[Site "Chess.com"]
[Date "2020.12.01"]
[Round "8"]
[White "Nikolaj_6"]
[Black "GMSrinath"]
[Result "1-0"]
[WhiteElo "2642"]
[BlackElo "2793"]
[TimeControl "180+1"]
[EndTime "11:26:30 PST"]
[Termination "Nikolaj_6 won by resignation"]

1. e4 c6 2. d4 d5 3. Nc3 dxe4 4. Nxe4 Nf6 5. Nxf6+ exf6 6. c3 Bd6 7. Bd3 O-O 8. Qc2 Re8+ 9. Ne2 g6 10. Be3 Nd7 11. O-O-O Nb6 12. Kb1 Nd5 13. Bc1 Be6 14. h4 Qa5 15. a3 Nb6 16. c4 Qa4 17. Qxa4 Nxa4 18. b3 Bg4 19. f3 Rxe2 20. Bxe2 Nc3+ 21. Kc2 Nxd1 22. fxg4 Nf2 23. Rf1 Ne4 24. Bd3 Ng3 25. Rxf6 Be7 26. Rf3 Bd6 27. Bf4 Bxf4 28. Rxf4 Re8 29.
Kd2 f5 30. gxf5 gxf5 31. Rf3 Ne4+ 32. Bxe4 fxe4 33. Rf4 e3+ 34. Ke2 Kg7 35. g4 Kg6 36. d5 cxd5 37. cxd5 Re5 38. Rd4 Kf7 39. Rd3 Re4 40. d6 Re8 41. d7 Rd8 42. Kxe3 Ke6 43.
Kf4 Ke7 44. Ke5 a6 45. a4 a5 46. g5 b6 47. Rd4 Kf7 48. Kd6 1-0

[Event "*** Titled Tuesday Blitz"]
[Site "Chess.com"]
[Date "2020.12.01"]
[Round "8"]
[White "jacky72"]
[Black "TigrVShlyape"]
[Result "0-1"]
[WhiteElo "2718"]
[BlackElo "2856"]
[TimeControl "180+1"]
[EndTime "11:26:31 PST"]
[Termination "TigrVShlyape won on time"]

1. d4 d5 2. c4 c6 3. Nf3 Nf6 4. Nc3 a6 5. cxd5 cxd5 6. Bf4 Nc6 7. e3 Bg4 8. Bd3 e6 9. h3 Bxf3 10. Qxf3 Bd6 11. Rc1 O-O 12. O-O Bxf4 13. Qxf4 Rc8 14. Bb1 Qe7 15. e4 dxe4 16. Nxe4 Nxe4 17. Qxe4 f5 18.
Qe3 Rcd8 19. Rfd1 Qf6 20. Rc4 Rd6 21. a3 Rfd8 22. Ba2 Nxd4 23. Rdc1 f4 24. Qe4 f3 25. Re1 fxg2 26. Kxg2 Rf8 27. Qe3 Nc2 28. Rxc2 Qg6+ 29. Qg3 Qxc2 30. Bxe6+ Kh8 31. Bg4 Rd2 32. Bf3 Qxb2 33.
Re7 b5 34. Rc7 Qd4 35. Rb7 Rd3 0-1